 Dungeon Crawl Stone Soup version 0.28-a0-1190-g77e1c55843 (webtiles) character file.

Game seed: 11256912669869503677

40613 karrick the Covert (level 14, -20/106 HPs)
             Began as a Gnoll Enchanter on Dec 19, 2021.
             Was an Elder of Sif Muna.
             Killed from afar by a lindwurm (31 damage)
             ... with a blast of flame
             ... on level 2 of the Lair of Beasts.
             The game lasted 01:23:20 (27184 turns).

karrick the Covert (Gnoll Enchanter)               Turns: 27184, Time: 01:23:21

Health: -20/106    AC: 15    Str: 12    XL:     14   Next: 11%
Magic:  25/28      EV: 17    Int: 22    God:    Sif Muna [****..]
Gold:   1029       SH:  4    Dex: 14    Spells: 8/33 levels left

rFire   . . .      SeeInvis +   J - +11 spear of Valour {drain, Fragile Int-4 SInv Stlth+}
rCold   . . .      Faith    +   (no shield)
rNeg    . . .      Spirit   .   H - +0 steam dragon scales
rPois   .          Reflect  .   N - +2 hat
rElec   .          Harm     .   a - +1 cloak
rCorr   .          Rampage  .   p - +0 pair of gloves
Will    +....                   S - +1 pair of boots {Stlth+}
Stlth   +++++++...              g - amulet of faith
HPRegen 0.27/turn               Y - +6 ring of intelligence
MPRegen 0.21/turn               G - +6 ring of intelligence

@: confusing by touch, flying
A: fangs 1, strong nose, distributed training, talons 1, large bone plates 1,
wild magic 1
a: Renounce Religion, Channel Magic, Forget Spell, Divine Exegesis


You were on level 2 of the Lair of Beasts.
You worshipped Sif Muna.
Sif Muna was greatly pleased with you.
You visited 3 branches of the dungeon, and saw 19 of its levels.
You also visited: Ossuary.

You collected 1237 gold pieces.
You spent 208 gold pieces at shops.

Inventory:

Hand Weapons
 k - the +5 short sword "Roegoit" {venom, Stlth+}
   (You found it on level 6 of the Lair of Beasts)

   It poisons the flesh of those it strikes.
   Stlth:     It makes you more stealthy.
 x - the +4 hand axe of Rirpheax {vorpal, +Blink}
   (You found it on level 6 of the Lair of Beasts)

   It inflicts extra damage upon your enemies.
   +Blink:    It lets you blink.
 z - a +1 war axe of flaming
 F - the +6 quarterstaff of Pain and Death {vorpal, Drain Int+2 Dex+3 Stlth+}
   (You found it on level 11 of the Dungeon)

   It inflicts extra damage upon your enemies.
   Int:       It affects your intelligence (+2).
   Dex:       It affects your dexterity (+3).
   Drain:     It drains your maximum health when unequipped.
   Stlth:     It makes you more stealthy.
 J - the +11 spear of Valour (weapon) {drain, Fragile Int-4 SInv Stlth+}
   (You bought it in a shop on level 3 of the Dungeon)

   A truly terrible weapon, it drains the life of any living foe it strikes.
   Int:       It affects your intelligence (-4).
   SInv:      It lets you see invisible.
   Fragile:   It will be destroyed if unequipped.
   Stlth:     It makes you more stealthy.
Armour
 a - a +1 cloak (worn)
 p - a +0 pair of gloves (worn)
 u - a +2 buckler
 H - +0 steam dragon scales (worn)
 N - a +2 hat (worn)
 S - a +1 pair of boots of stealth (worn)
 T - the +1 kite shield "Zoafumpa" {Harm rElec rC+ Int-3}
   (You found it on level 11 of the Dungeon)

   Int:       It affects your intelligence (-3).
   rC:        It protects you from cold.
   rElec:     It insulates you from electricity.
   Harm:      It increases damage dealt and taken.
 U - +0 acid dragon scales
Jewellery
 d - a ring of protection from cold
 g - an amulet of faith (around neck)
 m - a +4 ring of protection
 t - a +4 ring of evasion
 v - a ring of willpower
 G - a +6 ring of intelligence (right hand)
 Y - a +6 ring of intelligence (left hand)
 Z - a ring of willpower
Wands
 D - a wand of paralysis (13)
 L - a wand of polymorph (7)
 O - a wand of digging (10)
 Q - a wand of mindburst (12)
Scrolls
 b - 2 scrolls of fear
 c - 3 scrolls of enchant weapon
 e - 3 scrolls of amnesia
 l - 2 scrolls of brand weapon
 n - a scroll of blinking {unknown}
 r - 3 scrolls of enchant armour
 w - 4 scrolls of fog
 y - a scroll of holy word
 E - 2 scrolls of vulnerability
 I - 4 scrolls of teleportation
 M - a scroll of immolation
 P - a scroll of magic mapping
 V - a scroll of summoning
 X - a scroll of torment
Potions
 f - 2 potions of might
 h - 4 potions of attraction
 j - 7 potions of curing
 o - 4 potions of heal wounds
 q - 2 potions of haste
 s - 2 potions of ambrosia
 A - 4 potions of lignification
 B - 2 potions of mutation
 C - a potion of invisibility
 K - a potion of brilliance
Miscellaneous
 R - a piece from Xom's chessboard (15/15)
 W - a lightning rod (4/4)


   Skills:
 + Level 8.9 Fighting
 + Level 9.3 Short Blades
 + Level 8.9 Long Blades
 + Level 8.9 Axes
 + Level 8.9 Maces & Flails
 + Level 8.9 Polearms
 + Level 8.9 Staves
 + Level 8.9 Slings
 + Level 8.9 Bows
 + Level 8.9 Crossbows
 + Level 8.9 Throwing
 + Level 8.9 Armour
 + Level 10.1 Dodging
 + Level 10.8 Stealth
 + Level 8.9 Shields
 + Level 8.9 Unarmed Combat
 + Level 10.3 Spellcasting
 + Level 7.4 Conjurations
 + Level 9.3 Hexes
 + Level 7.4 Summonings
 + Level 7.4 Necromancy
 + Level 7.4 Translocations
 + Level 7.4 Transmutations
 + Level 7.4 Fire Magic
 + Level 7.4 Ice Magic
 + Level 7.4 Air Magic
 + Level 7.4 Earth Magic
 + Level 7.4 Poison Magic
 + Level 9.7 Invocations
 + Level 8.9 Evocations


You had 8 spell levels left.
You knew the following spells:

 Your Spells              Type           Power      Damage    Failure   Level
a - Confusing Touch       Hex            62%        N/A       1%          3
b - Tukima's Dance        Hex            62%        N/A       1%          3
c - Blink                 Tloc           100%       N/A       1%          2
d - Call Imp              Summ           55%        N/A       1%          2
e - Mephitic Cloud        Conj/Pois/Air  55%        N/A       1%          3
f - Animate Armour        Summ/Erth      100%       N/A       4%          4
g - Manifold Assault      Tloc           55%        N/A       12%         5
h - Swiftness             Air            55%        N/A       1%          3

Your spell library contained the following spells:

 Spells                   Type           Power      Damage    Failure   Level
 Foxfire                  Conj/Fire      100%       2x1d9     1%          1
 Magic Dart               Conj           100%       1d8       1%          1
 Sandblast                Erth           100%       2d20      1%          1
 Shock                    Conj/Air       100%       1d9       1%          1
 Slow                     Hex            100%       N/A       1%          1
 Corpse Rot               Necr/Air       100%       N/A       1%          2
 Ensorcelled Hibernation  Hex/Ice        100%       N/A       1%          2
 Passwall                 Tmut/Erth      45%        N/A       1%          2
 Poisonous Vapours        Pois/Air       100%       N/A       1%          2
 Scorch                   Fire           100%       2d10      1%          2
 Searing Ray              Conj           100%       2d8       1%          2
 Static Discharge         Conj/Air       55%        N/A       1%          2
 Conjure Flame            Conj/Fire      55%        6-21      1%          3
 Dazzling Flash           Conj/Hex       100%       N/A       1%          3
 Inner Flame              Hex/Fire       58%        N/A       1%          3
 Stone Arrow              Conj/Erth      100%       3d13      1%          3
 Vampiric Draining        Necr           55%        2d9       1%          3
 Fulminant Prism          Conj/Hex       29%        3d14      3%          4
 Animate Dead             Necr           27%        N/A       4%          4
 Dispel Undead            Necr           55%        3d20      4%          4
 Flame Wave               Conj/Fire      55%        2d9       4%          4
 Sticky Flame             Conj/Fire      55%        2d7       4%          4
 Yara's Violent Unravell  Hex/Tmut       29%        3d12      9%          5
 Blade Hands              Tmut           27%        N/A       12%         5
 Freezing Cloud           Conj/Ice/Air   27%        6-21      12%         5
 Irradiate                Conj/Tmut      27%        3d22      12%         5
 Iron Shot                Conj/Erth      27%        9d6       47%         6
 Simulacrum               Ice/Necr       27%        N/A       47%         6
 Summon Cactus Giant      Summ           27%        N/A       47%         6
 Dragon Form              Tmut           27%        N/A       96%         7
 Storm Form               Tmut/Air       27%        N/A       96%         7
 Polar Vortex             Ice            27%        N/A       100%        9


Dungeon Overview and Level Annotations

Branches:
Dungeon (12/15)            Temple (1/1) D:5            Lair (6/6) D:10
  Swamp (0/4) Lair:3        Snake (0/4) Lair:2        Slime (0/5) Lair:5
    Orc (0/2) D:11        Ossuary (visited)

Altars:
Ashenzari
Cheibriados
Dithmenos
Elyvilon
Fedhas
Gozag
Hepliaklqana
Kikubaaqudgha
Makhleb
Nemelex Xobeh
Okawaru
Qazlal
Ru
Sif Muna
Trog
Uskayaw
Vehumet
Wu Jian
Xom
Yredelemnul
Zin
The Shining One
Jiyva

Shops:
D:3 ([*   D:4 (   D:5 *(*!   D:6 (

Annotations:
D:7 3 runed translucent doors, oldriver's ghost, novice DrCj


Innate Abilities, Weirdness & Mutations

You have very sharp teeth.
Your uncanny sense of smell can sniff out nearby items.
Your experience applies equally to all skills.
You have sharp toenails.
You are partially covered in large bone plates. (SH +4)
Your spells are a little harder to cast, but a little more powerful.


Message History

The lindwurm is moderately wounded.
The lindwurm bites the lindwurm.
The lindwurm completely misses the lindwurm.
The lindwurm claws the lindwurm.
The lindwurm bites itself but does no damage.
The lindwurm claws itself but does no damage.
The lindwurm completely misses itself.
You hit the lindwurm.
The lindwurm is moderately wounded.
You puncture the lindwurm! You drain the lindwurm.
The lindwurm is severely wounded.
You puncture the lindwurm!
The lindwurm is almost dead.
You hear a roar!
You hit the lindwurm but do no damage. You drain the lindwurm.
The lindwurm is almost dead.
You hit the lindwurm.
You kill the lindwurm!
Sif Muna accepts your kill.
Casting: Confusing Touch (safe; 1% risk of failure)
Confirm with . or Enter, or press ? or * to list all spells.
Your hands begin to glow red.
The lindwurm breathes flames at you. The blast of flame hits you!!
You hit the lindwurm but do no damage.
You punch the lindwurm, but do no damage.
The lindwurm is lightly wounded.
You hit the lindwurm but do no damage.
The lindwurm is lightly wounded.
The lindwurm breathes flames at you. The blast of flame hits you!!
You are too injured to fight recklessly!
Found 21 stones, a curved lead wand and a robe.
The lindwurm breathes flames at you. The blast of flame hits you!!
* * * LOW HITPOINT WARNING * * *
Found a phial of floods.
Found an escape hatch in the floor.
The lindwurm breathes flames at you. The blast of flame hits you!!
You die...

.........[≈≈≈≈≈.. .[∆k#.k≈≈≈≈§..#
.....P..§≈≈≈§§§.# />∆∆##.≈≈≈§≈≈..
....##..§≈≈§≈≈§.##(∆∆∆ #.≈≈§≈≈§.#
##..#.#...≈§§§§..#.∆∆ #..≈§§≈§..#
..........≈§§§≈≈..## #..≈≈§≈≈≈.P#
..........§§§≈≈§...##§§§§≈≈§≈≈...
....#.....§≈§≈≈≈≈≈kk§k§≈§§≈§≈.§.P
....###....≈§≈≈§§≈≈≈§≈§§§≈§§§....
...###P.....≈§§§@§§≈≈§§≈≈≈≈§....#
....#).......§≈§≈≈§§≈≈§§§§≈....##
..............§§≈≈§§≈≈§≈≈§......#
................≈§§≈≈§≈≈.§..#..##
....P.#P.#.#.#.....≈≈.....PP..##
#...######.###......§....#...##
#...###.##...................##
..........................###.#
.#..##P.##...............## ###


You could see 3 lindwurms.

Vanquished Creatures
  Gastronok (D:9)
  Nessos (Lair:6)
  4 hydras
  A catoblepas (Lair:6)
  A deep troll shaman (Lair:6)
  3 death yaks (Lair:6)
  A lindwurm (Lair:2)
  A deep elf pyromancer (D:12)
  2 manticores (D:11)
  A cyclops (D:10)
  18 elephants
  2 black mambas
  A torpor snail (Lair:6)
  4 rime drakes
  6 cane toads
  8 komodo dragons
  2 unseen horrors
  2 kobold demonologists
  4 burning bushes (Lair:3)
  2 trolls (D:11)
  3 polar bears
  5 blink frogs
  A slime creature (D:12)
  2 shadows
  3 wyverns
  A wraith (D:11)
  25 yaks
  2 basilisks
  A dancing weapon (D:8)
  5 vampire mosquitoes
  2 steam dragons (D:8)
  A naga (Lair:2)
  2 wargs (D:11)
  10 water moccasins
  Duvessa (D:7)
  2 acid dragons
  2 sky beasts
  6 orc warriors
  2 ice beasts
  3 black bears
  A necrophage (D:5)
  2 ogres (D:7)
  16 wolves
  3 centaurs
  2 kobold brigands
  A phantom (D:3)
  A wyvern zombie (D:7)
  14 bullfrogs
  2 scorpions
  Dowan (D:7)
  12 killer bees
  6 wights
  11 howler monkeys
  3 centaur zombies
  A hound (D:7)
  8 orc priests
  4 jellies
  A gnoll shaman (D:4)
  8 orc wizards
  2 killer bee zombies
  A howler monkey zombie (D:10)
  2 mummies (Ossuary)
  7 adders
  4 gnolls
  2 shadow imps
  A white imp (D:4)
  An ufetubus (D:5)
  2 adder zombies (Ossuary)
  9 dart slugs
  25 orcs
  3 ball pythons
  7 endoplasms
  2 giant cockroaches
  3 goblins
  7 hobgoblins
  3 jackals
  5 quokkas
  11 bats
  3 frilled lizards
  8 hobgoblin zombies (Ossuary)
  5 jackal zombies (Ossuary)
  27 kobolds
  13 kobold zombies (Ossuary)
  4 orc zombies (Ossuary)
  7 rats
  A spectral goblin (D:3)
406 creatures vanquished.

Vanquished Creatures (collateral kills)
  A two-headed ogre (D:10)
  A black mamba (Lair:5)
  3 nagas (Lair:2)
  A vampire mosquito (D:10)
  An orc warrior (D:8)
  An ogre (D:5)
  2 bullfrogs (D:10)
  A killer bee (D:8)
  2 wights (D:7)
  2 orc wizards (D:5)
  2 gnolls (D:4)
  5 orcs
  A kobold (D:7)
  A hobgoblin zombie (Ossuary)
  A jackal zombie (Ossuary)
  A kobold zombie (Ossuary)
  An orc zombie (Ossuary)
27 creatures vanquished.

Vanquished Creatures (others)
  11 dancing weapons
  41 fungi
  45 plants
97 creatures vanquished.

Grand Total: 530 creatures vanquished

Notes
Turn   | Place    | Note
-------+----------+-------------------------------------------
     0 | D:1      | karrick the Gnoll Enchanter began the quest for the Orb.
     0 | D:1      | Reached XP level 1. HP: 13/13 MP: 6/6
   185 | D:1      | Reached XP level 2. HP: 16/19 MP: 7/7
   689 | D:2      | Reached XP level 3. HP: 7/25 MP: 9/9
   987 | D:2      | Learned a level 3 spell: Confusing Touch
  1159 | D:1      | Reached skill level 5 in Spellcasting
  1385 | D:1      | Reached skill level 1 in Invocations
  1960 | D:1      | Reached skill level 1 in Fighting
  1960 | D:1      | Reached skill level 1 in Long Blades
  1960 | D:1      | Reached skill level 1 in Axes
  1960 | D:1      | Reached skill level 1 in Maces & Flails
  1960 | D:1      | Reached skill level 1 in Polearms
  1960 | D:1      | Reached skill level 1 in Staves
  1960 | D:1      | Reached skill level 1 in Slings
  1960 | D:1      | Reached skill level 1 in Bows
  1960 | D:1      | Reached skill level 1 in Crossbows
  1960 | D:1      | Reached skill level 1 in Throwing
  1960 | D:1      | Reached skill level 1 in Armour
  1960 | D:1      | Reached skill level 1 in Shields
  1960 | D:1      | Reached skill level 1 in Unarmed Combat
  1960 | D:1      | Reached skill level 1 in Evocations
  2279 | D:2      | Reached XP level 4. HP: 32/32 MP: 11/11
  3110 | D:3      | Reached skill level 1 in Conjurations
  3110 | D:3      | Reached skill level 1 in Summonings
  3110 | D:3      | Reached skill level 1 in Necromancy
  3110 | D:3      | Reached skill level 1 in Translocations
  3110 | D:3      | Reached skill level 1 in Transmutations
  3110 | D:3      | Reached skill level 1 in Fire Magic
  3110 | D:3      | Reached skill level 1 in Ice Magic
  3110 | D:3      | Reached skill level 1 in Air Magic
  3110 | D:3      | Reached skill level 1 in Earth Magic
  3110 | D:3      | Reached skill level 1 in Poison Magic
  3469 | D:3      | Found Zomorch's Antique Weapon Emporium.
  3543 | D:3      | Reached XP level 5. HP: 37/37 MP: 12/12
  3560 | D:3      | Found Bavaet's General Store.
  3569 | D:3      | Bought a scroll of identify for 24 gold pieces
  3582 | D:3      | Found Keile's Antique Armour Shoppe.
  3594 | D:3      | Found an ornate altar of the Wu Jian Council.
  3630 | D:3      | Found a faded altar of an unknown god.
  3658 | D:3      | Noticed a phantom
  3674 | D:3      | Killed a phantom
  4200 | D:5      | Entered Level 5 of the Dungeon
  4211 | D:5      | Learned a level 3 spell: Tukima's Dance
  4219 | D:5      | Found Ehuyphod's General Store.
  4423 | D:5      | Found a staircase to the Ecumenical Temple.
  4617 | D:4      | Found Otishrit's Antique Weapon Emporium.
  4673 | D:4      | Reached XP level 6. HP: 38/44 MP: 10/14
  5001 | D:4      | Reached skill level 5 in Dodging
  5474 | D:4      | Learned a level 2 spell: Blink
  5545 | D:5      | Found Dismit's General Store.
  5796 | D:6      | Learned a level 2 spell: Call Imp
  5808 | D:5      | Reached XP level 7. HP: 49/50 MP: 4/15
  6265 | D:5      | Found Noghis's Distillery.
  7199 | D:6      | Found Qaxye's Weapon Boutique.
  8059 | D:5      | Reached XP level 8. HP: 57/57 MP: 16/16
  8083 | D:5      | Found Sevikk's Weapon Shop.
  8824 | D:7      | Found a runed translucent gate.
  8824 | D:7      | Found a runed translucent gate.
  8824 | D:7      | Found a runed translucent gate.
  8839 | D:7      | Noticed oldriver's ghost (novice DrCj)
  9087 | D:7      | Found a snail-covered altar of Cheibriados.
  9150 | D:7      | Noticed Duvessa
  9155 | D:7      | Noticed Dowan
  9209 | D:7      | Found an opulent altar of Gozag.
  9211 | D:7      | Found a shimmering blue altar of Sif Muna.
  9211 | D:7      | Found a stormy altar of Qazlal.
  9249 | D:8      | Gained mutation: You are partially covered in large bone
                  | plates. (SH +4) [potion of mutation]
  9249 | D:8      | Gained mutation: You have sharp toenails. [potion of
                  | mutation]
  9249 | D:8      | Gained mutation: Your spells are a little harder to cast,
                  | but a little more powerful. [potion of mutation]
  9301 | D:7      | Found a sand-covered staircase.
  9312 | Ossuary  | Entered an ossuary
 10286 | D:6      | Reached XP level 9. HP: 52/65 MP: 13/18
 10861 | D:9      | Noticed Gastronok
 11138 | D:9      | Found a broken altar of Ashenzari.
 11346 | D:10     | Entered Level 10 of the Dungeon
 11367 | D:10     | Noticed a two-headed ogre
 11450 | D:10     | Found a sparkling altar of Nemelex Xobeh.
 11455 | D:10     | Found a glowing golden altar of the Shining One.
 11459 | D:10     | Found a shadowy altar of Dithmenos.
 11460 | D:10     | Found an ancient bone altar of Kikubaaqudgha.
 11466 | D:10     | Found a snail-covered altar of Cheibriados.
 11494 | D:10     | Reached skill level 5 in Short Blades
 11511 | D:10     | Noticed a cyclops
 11540 | D:10     | Killed a cyclops
 11548 | D:10     | Learned a level 3 spell: Mephitic Cloud
 11740 | D:10     | Noticed a kobold demonologist
 11742 | D:10     | Noticed a rust devil
 11834 | D:10     | Found a staircase to the Lair.
 11838 | D:10     | Reached skill level 5 in Invocations
 11955 | D:10     | Killed a kobold demonologist
 12271 | D:10     | Killed a two-headed ogre
 12272 | D:10     | Reached skill level 5 in Fighting
 12272 | D:10     | Reached skill level 5 in Long Blades
 12272 | D:10     | Reached skill level 5 in Axes
 12272 | D:10     | Reached skill level 5 in Maces & Flails
 12272 | D:10     | Reached skill level 5 in Polearms
 12272 | D:10     | Reached skill level 5 in Staves
 12272 | D:10     | Reached skill level 5 in Slings
 12272 | D:10     | Reached skill level 5 in Bows
 12272 | D:10     | Reached skill level 5 in Crossbows
 12272 | D:10     | Reached skill level 5 in Throwing
 12272 | D:10     | Reached skill level 5 in Armour
 12272 | D:10     | Reached skill level 5 in Shields
 12272 | D:10     | Reached skill level 5 in Unarmed Combat
 12272 | D:10     | Reached skill level 5 in Evocations
 12272 | D:10     | Reached XP level 10. HP: 70/74 MP: 7/20
 12505 | D:11     | Identified the +6 quarterstaff of Pain and Death {vorpal,
                  | Drain Int+2 Dex+3 Stlth+}
 12949 | D:9      | Noticed a kobold demonologist
 13598 | D:7      | Found a sacrificial altar of Ru.
 13598 | D:7      | Found a bloodstained altar of Trog.
 13606 | D:7      | You fall into a shaft and drop 1 floor!
 13632 | D:7      | Found a hide-covered altar of Uskayaw.
 13768 | D:3      | Bought a slimy spear for 184 gold pieces
 13768 | D:3      | Identified the +11 spear of Valour {drain, Fragile Int-4
                  | SInv Stlth+} (You bought it in a shop on level 3 of the
                  | Dungeon)
 13810 | Temple   | Entered the Ecumenical Temple
 13965 | D:7      | Became a worshipper of Sif Muna the Loreminder
 14235 | D:7      | Killed Dowan
 14303 | D:7      | Killed Duvessa
 14744 | D:9      | Killed a kobold demonologist
 14850 | D:9      | Reached XP level 11. HP: 61/81 MP: 15/22
 15132 | D:9      | Killed Gastronok
 15133 | D:9      | Reached skill level 5 in Conjurations
 15133 | D:9      | Reached skill level 5 in Summonings
 15133 | D:9      | Reached skill level 5 in Necromancy
 15133 | D:9      | Reached skill level 5 in Translocations
 15133 | D:9      | Reached skill level 5 in Transmutations
 15133 | D:9      | Reached skill level 5 in Fire Magic
 15133 | D:9      | Reached skill level 5 in Ice Magic
 15133 | D:9      | Reached skill level 5 in Air Magic
 15133 | D:9      | Reached skill level 5 in Earth Magic
 15133 | D:9      | Reached skill level 5 in Poison Magic
 15398 | D:9      | Reached * piety under Sif Muna
 16095 | D:11     | Noticed a manticore
 16107 | D:11     | Killed a manticore
 16140 | D:11     | Identified the +1 kite shield "Zoafumpa" {Harm rElec rC+
                  | Int-3}
 16280 | D:11     | Noticed a manticore
 16294 | D:11     | Killed a manticore
 16467 | D:11     | Found a staircase to the Orcish Mines.
 16801 | D:11     | Reached ** piety under Sif Muna
 17156 | D:12     | Noticed a green ugly thing
 17312 | D:12     | Noticed a deep elf pyromancer
 17365 | D:12     | Killed a deep elf pyromancer
 17550 | D:12     | Found a viscous altar of Jiyva.
 17752 | D:12     | Noticed a seven-headed hydra
 17956 | Lair:1   | Entered Level 1 of the Lair of Beasts
 17970 | Lair:1   | Reached XP level 12. HP: 81/89 MP: 21/24
 18732 | Lair:2   | Found a staircase to the Snake Pit.
 19321 | Lair:2   | Noticed a seven-headed hydra
 19344 | Lair:2   | Killed a seven-headed hydra
 19556 | Lair:2   | Reached *** piety under Sif Muna
 19653 | Lair:2   | Learned a level 4 spell: Animate Armour
 21134 | Lair:3   | Found a staircase to the Swamp.
 21234 | Lair:3   | Reached XP level 13. HP: 98/98 MP: 26/26
 21283 | Lair:3   | Reached skill level 10 in Stealth
 21312 | Lair:3   | Reached **** piety under Sif Muna
 23105 | Lair:5   | Learned a level 5 spell: Manifold Assault
 23530 | Lair:5   | Found a viscous altar of Jiyva.
 23531 | Lair:5   | Found a staircase to the Slime Pits.
 23908 | Lair:6   | Entered Level 6 of the Lair of Beasts
 24863 | Lair:6   | Noticed Nessos
 24899 | Lair:6   | Reached skill level 10 in Spellcasting
 24926 | Lair:6   | Killed Nessos
 25089 | Lair:6   | Reached ***** piety under Sif Muna
 25106 | Lair:6   | Received a gift from Sif Muna
 25107 | Lair:6   | Got Sif Muna's Tome of the Doomed Birds {god gift}
 25112 | Lair:6   | Learned a level 3 spell: Swiftness
 26338 | Lair:6   | Reached skill level 10 in Dodging
 26338 | Lair:6   | Reached XP level 14. HP: 60/106 MP: 24/28
 26681 | Lair:6   | Identified the +4 hand axe of Rirpheax {vorpal, +Blink}
 26685 | Lair:6   | Identified the +5 short sword "Roegoit" {venom, Stlth+}
 27184 | Lair:2   | Killed from afar by a lindwurm

Illustrated notes

Levels and vault maps discovered:
D:1:      onia_arrival_pentagram, layout_basic, minivault_11
D:2:      layout_basic
D:3:      layout_loops_ring, mainiacjoe_overflow_surrounded_room,
          dreamdust_ecumenical_altar_drowned_temple, serial_shops,
          nicolae_shop_advertising_works [nicolae_subvault_shop_adworks], shop,
          nicolae_lakefront_shop, minmay_unequal
D:4:      layout_rooms, serial_shops, nicolae_inconvenience_store,
          grunt_ministairs_10, nrook_loot_triangle, kennysheep_boxes
D:5:      layout_basic, minmay_temple_entry_proselytizer, serial_shops,
          kennysheep_mini, nicolae_stop_n_shop_2, nicolae_shop_behind_doors,
          shop_statue
D:6:      layout_loops_corners, serial_shops, shop
D:7:      layout_rooms, mainiacjoe_overflow_alcove_2,
          grunt_temple_overflow_open, gammafunk_ghost_nasty_kobolds,
          nicolae_ossuary_entry_plus, roderic_three_in_a_row,
          kennysheep_diamond, uniq_duvessa
D:8:      layout_basic
D:9:      layout_rooms, mainiacjoe_overflow_tiny_flanked, serial_corexii_hall,
          chequers_hall_statues_wall_a, chequers_hall_statues_corner_a,
          grunt_ministairs_3, eino_jars, uniq_gastronok
D:10:     layout_long_grid, nicolae_overflow_hallway_of_the_gods,
          grunt_lair_entry_orc_guard_hut, minmay_microvault
D:11:     layout_loops_ring, david_orc_3
D:12:     layout_long_grid, jiyva_altar_1
Temple:   dpeg_three_leaves_temple
Lair:1:   layout_hall_layers
Lair:2:   layout_gridlike, minmay_snake_entry_guardpost_small,
          minmay_lindwurm_lava
Lair:3:   layout_regular_city, minmay_swamp_entry_worms,
          cheibrodos_lair_caveside_slide, evilmike_ambush
          [evilmike_ambush_outer_basic, evilmike_ambush_inner_basic],
          grunt_megastairs_5, infiniplex_staircase_pool_2, serial_bayou_shore_b
Lair:4:   layout_hall_layers
Lair:5:   layout_loops_ring, dpeg_slime_entry_enclosed_altar,
          hibernation_bobbens
Lair:6:   grunt_lair_end_beastmaster, layout_regular_city, uniq_nessos

Skill      XL: |  1  2  3  4  5  6  7  8  9 10 11 12 13 |
---------------+----------------------------------------+-----
Spellcasting   | 5 6 7 8 9 10 | 10.3
Stealth        | 6 7 8 9 10 | 10.8
Invocations    | 1 2 3 4 5 6 7 8 9 |  9.7
Fighting       | 1 2 3 5 6 7 8 |  8.9
Long Blades    | 1 2 3 5 6 7 8 |  8.9
Axes           | 1 2 3 5 6 7 8 |  8.9
Maces & Flails | 1 2 3 5 6 7 8 |  8.9
Polearms       | 1 2 3 5 6 7 8 |  8.9
Staves         | 1 2 3 5 6 7 8 |  8.9
Slings         | 1 2 3 5 6 7 8 |  8.9
Bows           | 1 2 3 5 6 7 8 |  8.9
Crossbows      | 1 2 3 5 6 7 8 |  8.9
Throwing       | 1 2 3 5 6 7 8 |  8.9
Armour         | 1 2 3 5 6 7 8 |  8.9
Shields        | 1 2 3 5 6 7 8 |  8.9
Unarmed Combat | 1 2 3 5 6 7 8 |  8.9
Evocations     | 1 2 3 5 6 7 8 |  8.9
Conjurations   | 1 2 3 4 5 6 7 |  7.4
Summonings     | 1 2 3 4 5 6 7 |  7.4
Necromancy     | 1 2 3 4 5 6 7 |  7.4
Translocations | 1 2 3 4 5 6 7 |  7.4
Transmutations | 1 2 3 4 5 6 7 |  7.4
Fire Magic     | 1 2 3 4 5 6 7 |  7.4
Ice Magic      | 1 2 3 4 5 6 7 |  7.4
Air Magic      | 1 2 3 4 5 6 7 |  7.4
Earth Magic    | 1 2 3 4 5 6 7 |  7.4
Poison Magic   | 1 2 3 4 5 6 7 |  7.4
Short Blades   | 3 4 5 6 7 8 9 |  9.3
Dodging        | 5 6 7 8 9 10 | 10.1
Hexes          | 6 7 8 9 |  9.3

Action                   |  1- 3 |  4- 6 |  7- 9 | 10-12 | 13-15 || total
-------------------------+-------+-------+-------+-------+-------++-------
Melee: Dagger            |   173 |    59 |       |       |       ||   232
       Bite              |    10 |    20 |    45 |    65 |    74 ||   214
       Short sword       |       |   120 |   461 |    86 |       ||   667
       Whip              |       |     9 |       |       |       ||     9
       Punch             |       |     1 |     7 |    22 |    24 ||    54
       Spear             |       |       |       |   729 |   556 ||  1285
 Cast: Confusing Touch   |       |    26 |    66 |   102 |    55 ||   249
       Tukima's Dance    |       |    10 |    32 |    22 |       ||    64
       Call Imp          |       |     2 |    21 |    21 |     2 ||    46
       Mephitic Cloud    |       |       |       |     2 |       ||     2
       Animate Armour    |       |       |       |     1 |     2 ||     3
  Use: Potion            |     1 |     2 |     6 |     1 |     1 ||    11
       Scroll            |       |       |    12 |     5 |    10 ||    27
 Stab: Sleeping          |    11 |    14 |     4 |     9 |    14 ||    52
       Invisible         |     1 |       |       |       |       ||     1
       Confused          |       |    12 |    36 |    88 |    52 ||   188
       Distracted        |       |       |     1 |     3 |     1 ||     5
Armor: Robe              |    40 |    24 |   114 |     7 |       ||   185
       Steam dragon scal |       |       |       |   126 |    93 ||   219
Dodge: Dodged            |   130 |    88 |   303 |   382 |   179 ||  1082
Block: Other             |       |       |    58 |    84 |    47 ||   189

Table legend: (Time is in decaauts)
 A = Elapsed time spent in this place.
 B = Non-inter-level travel time spent in this place.
 C = Inter-level travel time spent in this place.
 D = Time resting spent in this place.
 E = Time spent auto-exploring this place.
 F = Levels seen in this place.
 G = Mean time per level.
                   A        B        C        D        E       F      G
               +--------+--------+--------+--------+--------+-----+--------+
         Total |  26785 |  25707 |   1078 |   2058 |  17225 |  20 | 1339.2 |
       Dungeon |  16942 |  16145 |    797 |   1106 |  10771 |  12 | 1411.8 |
        Temple |     85 |     83 |      2 |      0 |     58 |   1 |   85.0 |
          Lair |   8980 |   8701 |    279 |    741 |   6139 |   6 | 1496.7 |
       Ossuary |    776 |    776 |      0 |    211 |    257 |   1 |  776.0 |
               +--------+--------+--------+--------+--------+-----+--------+

Top non-repeatable levels by time:
  Lair:6: 2841 daAuts
     D:9: 1797 daAuts
     D:6: 1747 daAuts
  Lair:1: 1724 daAuts
    D:10: 1704 daAuts
     D:3: 1675 daAuts
     D:5: 1612 daAuts
     D:4: 1452 daAuts
     D:2: 1390 daAuts
     D:7: 1363 daAuts
     D:1: 1233 daAuts
    D:11: 1220 daAuts
  Lair:5: 1208 daAuts
     D:8: 1175 daAuts
  Lair:3: 1134 daAuts
